 Dungeon Crawl Stone Soup version 0.26.1-11-gd32895ea62 (webtiles) character file.

Game seed: 17835041064901694143

58 jlumianski the Caller (level 3, -2/14 HPs)
             Began as a Felid Summoner on May 3, 2021.
             Slain by a howler monkey (7 damage)
             ... on level 2 of the Dungeon.
             The game lasted 00:15:17 (2859 turns).

jlumianski the Caller (Felid Summoner)              Turns: 2859, Time: 00:15:18

Health: -2/14      AC:  1    Str:  4    XL:     3   Next: 76%
Magic:  4/8        EV: 18    Int: 17    God:
Gold:   92         SH:  0    Dex: 16    Spells: 4/7 levels left
                                        Lives:  0   Deaths: 0

rFire    . . .     SeeInvis +   (weapon unavailable)
rCold    . . .     Faith    .   (shield unavailable)
rNeg     . . .     Spirit   .   (armour unavailable)
rPois    .         Reflect  .   (helmet unavailable)
rElec    .         Harm     .   (cloak unavailable)
rCorr    .         Rampage  .   (gloves unavailable)
Will     .....                  (boots unavailable)
Stlth    +++.......             (no amulet)
HPRegen  0.04/turn              (no ring)
MPRegen  0.11/turn              (no ring)

@: quick
A: very small, no armour, no weapons or thrown items, stealth, claws 1, fangs 3,
see invisible, speed 1, shaggy fur 1, sharp paws
a: no special abilities


You were on level 2 of the Dungeon.
You visited 1 branch of the dungeon, and saw 3 of its levels.

You collected 92 gold pieces.

Inventory:

Jewellery
 b - a cursed -4 ring of protection {unknown}
Scrolls
 d - 2 scrolls of teleportation
 f - a scroll of identify {unknown}
Potions
 a - a potion of lignification
 c - a potion of curing {unknown}
 e - a potion of brilliance
 g - a potion of haste {unknown}


   Skills:
 + Level 2.7 Dodging
 + Level 3.0 Stealth
 + Level 0.3 Unarmed Combat
 + Level 2.9 Spellcasting
 + Level 4.7 Summonings


You had 4 spell levels left.
You knew the following spells:

 Your Spells              Type           Power        Failure   Level
a - Summon Small Mammal   Summ           72%          2%          1
b - Call Imp              Summ           18%          3%          2

Your spell library contained the following spells:

 Spells                   Type           Power        Failure   Level
 Call Canine Familiar     Summ           18%          8%          3
 Summon Guardian Golem    Hex/Summ       10%          21%         3
 Summon Ice Beast         Ice/Summ       10%          54%         4
 Summon Lightning Spire   Summ/Air       10%          54%         4


Dungeon Overview and Level Annotations

Branches:
Dungeon (3/15)

Altars:
Qazlal


Innate Abilities, Weirdness & Mutations

You cannot wear armour.
You are incapable of wielding weapons or throwing items.
Your paws allow you to move quietly. (Stealth)
You have sharp claws.
You have razor-sharp teeth.
You have supernaturally acute eyesight. (SInv)
You cover ground quickly.
You are covered in fur. (AC +1)
Your sharp claws are effective at attacking unaware monsters.


Message History

You climb upwards.
There is a stone staircase leading down here.
The howler monkey misses you.
The howler monkey hoots and howls with incredible vigour!
Casting: Summon Small Mammal (safe; 2% risk of failure)
Confirm with . or Enter, or press ? or * to list all spells.
A beastly little devil appears in a puff of flame.
The howler monkey hoots and howls with incredible vigour!
The howler monkey closely misses your crimson imp.
Your crimson imp barely misses the howler monkey.
Your crimson imp hits the howler monkey but does no damage.
Casting: Call Imp (safe; 3% risk of failure)
Confirm with . or Enter, or press ? or * to list all spells.
A beastly little devil appears in a puff of flame.
The howler monkey hits you.
Your crimson imp blinks!
The howler monkey closely misses you. The howler monkey hits you!
Ouch! That really hurt!
You die...

######### #######
#.....5.# ##....#.
##...§h..# ###..##...
#......@.# #.).###..#
#........### ##.........
#..........###......###<
#.......................
#.5...........#.........
##.......#.##...........
#......................
#...>...#....##........
##.(.#.................


You could see a howler monkey and 2 friendly crimson imps.

Vanquished Creatures
  A leopard gecko (D:1)
  A giant cockroach (D:2)
  A goblin (D:1)
  2 bats
  A frilled lizard (D:1)
  A kobold (D:1)
  2 rats
9 creatures vanquished.

Vanquished Creatures (collateral kills)
  Jessica (D:2)
  2 adders
  4 dart slugs
  A leopard gecko (D:1)
  A goblin (D:2)
  4 hobgoblins
  2 jackals (D:1)
  6 kobolds (D:1)
  A quokka (D:2)
  4 bats (D:2)
  3 frilled lizards (D:1)
  4 rats (D:1)
33 creatures vanquished.

Grand Total: 42 creatures vanquished

Notes
Turn   | Place    | Note
-------+----------+-------------------------------------------
     0 | D:1      | jlumianski the Felid Summoner began the quest for the Orb.
     0 | D:1      | Reached XP level 1. HP: 7/7 MP: 4/4
   260 | D:1      | Reached XP level 2. HP: 11/11 MP: 6/6
   507 | D:1      | Learned a level 2 spell: Call Imp
  1913 | D:1      | Reached XP level 3. HP: 7/14 MP: 5/8
  2347 | D:2      | Noticed Jessica
  2515 | D:2      | Killed Jessica
  2714 | D:2      | Noticed a water elemental
  2720 | D:2      | Found a stormy altar of Qazlal.
  2722 | D:2      | Noticed an air elemental
  2722 | D:2      | Noticed an earth elemental
  2722 | D:2      | Noticed a fire elemental
  2859 | D:2      | Slain by a howler monkey

Illustrated notes

Levels and vault maps discovered:
D:1:      dpeg_arrival_arbitrary_a, layout_basic, minmay_misc_feat_plants,
          chequers_serial_rivers_large_b, serial_bayou_pond_e
D:2:      layout_rooms, nicolae_qazlal_style_of_elements, uniq_jessica
D:3:      layout_loops_ring, lemuel_coloured_pillars_altar

Skill      XL: |  1  2  3 |
---------------+----------+-----
Stealth        | 3 |  3.0
Dodging        | |  2.7
Unarmed Combat | |  0.3
Spellcasting   | |  2.9
Summonings     | |  4.7

Action                   || total
-------------------------++-------
Melee: Unarmed           ||    36
       Bite              ||     3
 Cast: Summon Small Mamm ||    50
       Call Imp          ||    14
  Use: Scroll            ||     1
       Potion            ||     2
 Stab: Sleeping          ||     5
Armor: Skin              ||     8
Dodge: Dodged            ||    87
